 Dungeon Crawl Stone Soup version 0.30-a0-121-gb27577e5d9 (webtiles) character file.

Game seed: 8857265316006547812

25 greasedhog the Trooper (level 3, -5/24 HPs)
             Began as a Gargoyle Cinder Acolyte on Sept 15, 2022.
             Was a High Priest of Ignis.
             Slain by a gnoll
             ... wielding a +0 flail
              (7 damage)
             ... on level 1 of the Dungeon.
             The game lasted 00:01:04 (756 turns).

greasedhog the Trooper (Gargoyle Cinder Acolyte)     Turns: 756, Time: 00:01:04

Health: -5/24      AC:  8    Str: 19    XL:     3   Next: 4%
Magic:  4/4        EV: 10    Int: 14    God:    Ignis [*****.]
Gold:   20         SH:  0    Dex:  5    Spells: 4/4 levels left

rFire   + . .      SeeInvis .    a - -1 mace (chaos)
rCold   . . .      Faith    .    (no shield)
rNeg    + . .      Spirit   .    g - +0 ring mail
rPois   ∞          Reflect  .    (no helmet)
rElec   +          Harm     .    (no cloak)
rCorr   .          Rampage  .    (no gloves)
Will    .....                    (no boots)
Stlth   ..........               (no amulet)
HPRegen 0.08/turn                (no ring)
MPRegen 0.09/turn                (no ring)

@: no status effects
A: sickness immunity, AC +3, negative energy resistance 1, electricity
resistance, torment resistance 1, petrification resistance
a: Renounce Religion, Fiery Armour, Foxfire Swarm, Rising Flame


You were on level 1 of the Dungeon.
You worshipped Ignis.
Ignis was extremely pleased with you.
You visited 1 branch of the dungeon, and saw 2 of its levels.

You collected 20 gold pieces.

Inventory:

Hand Weapons
 a - a -1 mace of chaos (weapon)
Armour
 g - a +0 ring mail (worn)
 h - a +0 tower shield
Jewellery
 b - a ring of fire
Potions
 c - a potion of invisibility
 d - a potion of attraction {unknown}
 e - 2 potions of haste {unknown}
 f - a potion of degeneration {unknown}


   Skills:
 * Level 4.0 Fighting
 * Level 3.5 Maces & Flails
 - Level 1.0 Spellcasting
 - Level 3.0 Fire Magic


You had 4 spell levels left.
You didn't know any spells.
Your spell library contained the following spells:

 Spells                   Type           Power      Damage    Failure   Level
 Scorch                   Fire           18%        2d5       21%         2


Dungeon Overview and Level Annotations

Branches:
Dungeon (2/15)

Altars:
Trog


Innate Abilities, Weirdness & Mutations

You are immune to sickness and miasma.
Your stone body is resilient. (AC +3)
You are immune to poison.
You resist negative energy. (rN+)
You are resistant to electric shocks. (rElec)
You are resistant to unholy torment.
You are immune to petrification.


Message History

A hobgoblin is nearby!
A hobgoblin is nearby!
You closely miss the hobgoblin.
The hobgoblin shouts!
The hobgoblin hits you but does no damage.
You hit the hobgoblin.
You kill the hobgoblin!
Your Fighting skill increases to level 4!
You see here a hobgoblin corpse.
b - a ring of fire
There is a large open door here.
There is a large open door here.
You open the door.
There is an open door here.
You open the door.
There is an open door here.
You open the door.
A gnoll comes into view. It is wielding a +0 flail.
The gnoll shouts!
A gnoll is nearby!
A gnoll is nearby!
Found a scroll labelled CUPHAU XUKOZO and 5 stones.
The gnoll barely misses you.
You completely miss the gnoll. The gnoll hits you with a +0 flail!
You sock the gnoll!
The gnoll seems to speed up.
The gnoll is heavily wounded.
The gnoll closely misses you. The gnoll misses you.
You barely miss the gnoll.
The gnoll is heavily wounded.
The gnoll hits you with a +0 flail!
* * * LOW HITPOINT WARNING * * *
You closely miss the gnoll.
The gnoll is heavily wounded.
The gnoll hits you but does no damage. The gnoll misses you.
You barely miss the gnoll.
The gnoll is heavily wounded.
The gnoll hits you with a +0 flail.
* * * LOW HITPOINT WARNING * * *
The gnoll hits you with a +0 flail!
You die...

### #### #.# #(.#
..########## #..#
#.#......... ...##
#.#.######## #...
#...############..#
#............?..g.#
#...####### #.@.#
#.........######..#
..................#
.......~~~....##.##
#..###.~_~........#
..)....~~~.##.#..##
#>.........##.#..#
........#####.#..#
#####....####'#..#


You could see a gnoll (fast).

Vanquished Creatures
  A worm (D:2)
  A dart slug (D:1)
  3 bats
  2 endoplasms (D:1)
  A goblin (D:1)
  A hobgoblin (D:1)
  2 jackals (D:1)
  4 kobolds
  A quokka (D:1)
  A ball python (D:2)
17 creatures vanquished.

Vanquished Creatures (others)
  A hobgoblin (D:1)
1 creature vanquished.

Grand Total: 18 creatures vanquished

Notes
Turn   | Place    | Note
-------+----------+-------------------------------------------
     0 | D:1      | greasedhog the Gargoyle Cinder Acolyte began the quest for
                  | the Orb.
     0 | D:1      | Reached XP level 1. HP: 14/14 MP: 2/2
   101 | D:1      | Reached XP level 2. HP: 11/19 MP: 3/3
   259 | D:1      | You fall into a shaft and drop 1 floor!
   259 | D:2      | Found a bloodstained altar of Trog.
   483 | D:1      | Found a faded altar of an unknown god.
   618 | D:1      | Reached XP level 3. HP: 20/24 MP: 4/4
   675 | D:1      | Reached skill level 4 in Fighting
   756 | D:1      | Slain by a gnoll

Illustrated notes

Levels and vault maps discovered:
D:1:      minmay_arrival_solitary_statue, layout_basic,
          hellmonk_ecumenical_altar_pennies_from_heaven, kennysheep_flooded_box,
          minmay_small_reverse_x
D:2:      layout_loops_corners, basic_altar, grunt_ministairs_2,
          kennysheep_doodads, minmay_tetromino_i2

Skill      XL: |  1  2  3 |
---------------+----------+-----
Fighting       | 4 |  4.0
Maces & Flails | |  3.5
Spellcasting   | |  1.0
Fire Magic     | |  3.0

Action                   || total
-------------------------++-------
Melee: Mace              ||    52
       Punch             ||     1
  Use: Scroll            ||     4
Armor: Robe              ||     4
       Ring mail         ||    21
       Leather armour    ||     5
Dodge: Dodged            ||    39

Table legend: (Time is in decaauts)
 A = Elapsed time spent in this place.
 B = Non-inter-level travel time spent in this place.
 C = Inter-level travel time spent in this place.
 D = Time resting spent in this place.
 E = Time spent auto-exploring this place.
 F = Levels seen in this place.
 G = Mean time per level.
                   A        B        C        D        E       F      G
               +--------+--------+--------+--------+--------+-----+--------+
         Total |    767 |    767 |      0 |      0 |    573 |   2 |  383.5 |
       Dungeon |    767 |    767 |      0 |      0 |    573 |   2 |  383.5 |
               +--------+--------+--------+--------+--------+-----+--------+

Top non-repeatable levels by time:
     D:1: 540 daAuts
     D:2: 227 daAuts
